 Dungeon Crawl Stone Soup version 0.19.0-18-g426998a (webtiles) character file.

9163 Plasmo the Magician (level 11, -11/72 HPs)
             Began as a High Elf Wizard on Nov 11, 2016.
             Was a Believer of Vehumet.
             Hit by a large rock thrown by a cyclops (23 damage)
             ... on level 10 of the Dungeon.
             The game lasted 01:03:29 (11459 turns).

Plasmo the Magician (High Elf Wizard)              Turns: 11459, Time: 01:03:29

Health: -11/72     AC: 10    Str:  9    XL:     11   Next: 19%
Magic:  19/23      EV: 15    Int: 22    God:    Vehumet [**....]
Gold:   617        SH:  5    Dex: 15    Spells: 8 memorised, 5 levels left

rFire  . . .     SeeInvis .     I - +1 long sword
rCold  . . .     Gourm    .     y - +1 leather armour {rPois}
rNeg   + . .     Faith    .     v - +0 buckler
rPois  +         Spirit   .     b - +0 hat
rElec  .         Reflect  .     x - +2 cloak
rCorr  .         Harm     .     O - +0 pair of gloves
MR     +....                    p - +0 pair of boots
Stlth  ++........               (no amulet)
                                a - +4 ring of slaying
                                w - ring of positive energy

@: no status effects
A: no striking features
a: Renounce Religion


You were on level 10 of the Dungeon.
You worshipped Vehumet.
Vehumet was pleased with you.
You were hungry.

You visited 2 branches of the dungeon, and saw 11 of its levels.
You also visited: Ossuary.

You collected 617 gold pieces.

Inventory:

Hand Weapons
 j - a +0 blowgun
 s - a +2 short sword of freezing
 I - a +1 long sword (weapon)
Missiles
 q - 84 poisoned needles
 L - 6 poisoned javelins (quivered)
Armour
 b - a +0 hat (worn)
 p - a +0 pair of boots (worn)
 v - a +0 buckler (worn)
 x - a +2 cloak (worn)
 y - a +1 leather armour of poison resistance (worn)
 z - a +1 ring mail of cold resistance
 O - a +0 pair of gloves (worn)
Jewellery
 a - a +4 ring of slaying (right hand)
 e - a +3 ring of strength
 n - an uncursed ring of see invisible
 o - an uncursed ring of protection from magic
 w - a ring of positive energy (left hand)
 G - an uncursed ring of stealth
Wands
 g - a wand of iceblast (0/15)
 m - a wand of disintegration (20/24)
 J - a wand of paralysis (11/24)
Scrolls
 l - 3 scrolls of remove curse
 t - 2 scrolls of teleportation
 D - a scroll of amnesia
 K - 5 scrolls of identify
 N - a scroll of magic mapping
 R - a scroll of enchant weapon
 V - a scroll of fear
Potions
 f - a potion of brilliance
 h - a potion of curing
 i - a potion of might
 k - 3 potions of ambrosia
 r - 2 potions of resistance
 u - a potion of cure mutation
 B - 3 potions of flight
 C - 4 potions of agility
 F - 2 potions of magic {unknown}
Books
 c - a book of Minor Magic

   Spells                             Type                      Level
   a - Magic Dart                     Conjuration                  1
   b - Blink                          Translocation                2
   c - Call Imp                       Summoning                    2
   d - Repel Missiles                 Charms/Air                   2
   e - Slow                           Hexes                        2
   f - Conjure Flame                  Conjuration/Fire             3
   g - Mephitic Cloud                 Conjuration/Poison/Air       3
 A - a book of Cantrips

   Spells                             Type                      Level
   a - Confusing Touch                Hexes                        1
   b - Animate Skeleton               Necromancy                   1
   c - Summon Small Mammal            Summoning                    1
   d - Apportation                    Translocation                1
 M - a book of Battle

   Spells                             Type                      Level
   a - Infusion                       Charms                       1
   b - Shroud of Golubria             Charms/Translocation         2
   c - Song of Slaying                Charms                       2
   d - Spectral Weapon                Hexes/Charms                 3
   e - Regeneration                   Charms/Necromancy            3
 Q - a book of Conjurations

   Spells                             Type                      Level
   a - Magic Dart                     Conjuration                  1
   b - Searing Ray                    Conjuration                  2
   c - Dazzling Spray                 Conjuration/Hexes            3
   d - Fulminant Prism                Conjuration/Hexes            4
   e - Iskenderun's Mystic Blast      Conjuration                  4
   f - Iskenderun's Battlesphere      Conjuration/Charms           5
Miscellaneous
 T - a box of beasts
Comestibles
 d - 5 bread rations
 E - 2 royal jellies
 H - a meat ration
 P - 9 slices of pizza
 S - a beef jerky
 U - 4 fruits


   Skills:
 * Level 5.3 Fighting
 * Level 4.3 Long Blades
 - Level 4.5 Throwing
 * Level 4.6 Armour
 * Level 6.2 Dodging
 - Level 2.2 Stealth
 * Level 4.6 Shields
 - Level 2.0 Unarmed Combat
 * Level 7.4 Spellcasting
 * Level 7.1 Conjurations
 - Level 1.4 Charms
 - Level 0.8 Summonings
 + Level 1.1 Necromancy
 - Level 1.1 Translocations
 * Level 5.1 Fire Magic
 * Level 6.4 Air Magic
 + Level 2.7 Evocations


You had 5 spell levels left.
You knew the following spells:

 Your Spells              Type           Power        Failure   Level  Hunger
a - Magic Dart            Conj           ####         1%          1    None
b - Call Imp              Summ           ##......     12%         2    None
c - Conjure Flame         Conj/Fire      ####....     2%          3    None
d - Mephitic Cloud        Conj/Pois/Air  ####....     6%          3    None
e - Blink                 Tloc           N/A          12%         2    None
f - Apportation           Tloc           ##........   10%         1    None
g - Regeneration          Chrm/Necr      ##........   21%         3    None
h - Iskenderun's Mystic   Conj           #####...     8%          4    ###....


Dungeon Overview and Level Annotations

Branches:
Dungeon (10/15)            Temple (1/1) D:7            Lair (0/6) D:10
    Orc (0/2) D:10

Altars:
Ashenzari
Cheibriados
Dithmenos
Elyvilon
Fedhas
Gozag
Hepliaklqana
Kikubaaqudgha
Makhleb
Nemelex Xobeh
Okawaru
Qazlal
Ru
Sif Muna
Trog
Uskayaw
Vehumet
Xom
Yredelemnul
Zin
The Shining One
Beogh

Shops:
D:6 [   D:7 :   D:10 =%*=

Annotations:
D:10 exclusion: ice statue


Message History

An electric eel comes into view.
Unknown command.
The centaur seems less confused.
You block the centaur's attack.
The centaur wields an uncursed shortbow.
The centaur shoots an arrow.
The arrow barely misses you.
You hear a splash.
The cyclops is engulfed in noxious fumes.
You see here a slice of pizza.
The centaur shoots an arrow.
The arrow misses you.
You hear a splash.
The cyclops throws a large rock.
The large rock hits you.
You see here a large rock.
The centaur shoots an arrow.
You block the arrow.
You see here an arrow.
The cyclops throws a large rock.
The large rock hits you!!
* * * LOW HITPOINT WARNING * * *
You see here a large rock.
The centaur shoots an arrow.
The arrow closely misses you.
The cyclops throws a large rock.
The large rock hits you!!
You die...

######### ########.......#
############
#........####@'####...........
#.####..##≈≈≈(.≈(≈#####.).....
#.# #.##(≈.((.(.≈≈## #.######
#.# ###≈≈.c(.....≈≈# #.# # #.#
##≈≈..%.......≈≈##.# # #.#
##≈≈............≈≈### # #.#
#≈≈...C≈≈≈≈≈≈....≈≈# # #.#
#≈..).(######≈....≈# # #.#
#≈..(.≈######≈....≈# #


You could see a cyclops and a centaur.

Vanquished Creatures
  Pikel (D:8)
  Joseph (D:8)
  The ghost of loom the Destroyer, a novice DECj of Vehumet (D:6)
  2 trolls
  A two-headed ogre (D:6)
  Grinder (D:5)
  9 yaks
  A human (D:9)
  A water moccasin (D:10)
  2 hell hounds (D:10)
  An orc warrior (D:10)
  5 sky beasts
  An ice beast (D:7)
  6 centaurs
  4 ogres
  7 phantoms
  5 bullfrogs
  2 elf zombies (Ossuary)
  A big kobold (D:9)
  A wyvern zombie (D:7)
  A water moccasin zombie (D:10)
  2 scorpions
  15 killer bees
  The ghost of Kwzr the Charmwright, a weakling FoSk (D:4)
  5 wights (D:8)
  A howler monkey (D:7)
  5 crimson imps
  2 centaur zombies
  A human zombie (Ossuary)
  7 orc wizards
  2 jellies
  4 orc priests
  A gnoll shaman (D:6)
  9 hounds
  3 iguanas
  10 worker ants
  A killer bee zombie (D:8)
  A big kobold zombie (Ossuary)
  2 mummies (Ossuary)
  A worker ant zombie (D:10)
  A howler monkey zombie (D:6)
  5 gnolls (D:6)
  11 adders
  2 shadow imps
  3 adder zombies
  2 worms
  2 leopard geckos
  29 orcs
  3 ball pythons
  4 bats
  5 giant cockroaches
  7 hobgoblins
  9 jackals
  2 quokkas
  3 frilled lizards
  5 goblins
  7 hobgoblin zombies (Ossuary)
  A jackal zombie (Ossuary)
  9 kobolds
  13 kobold zombies (Ossuary)
  5 orc zombies (Ossuary)
  A quokka zombie (D:5)
  4 rats
  4 rat zombies (Ossuary)
264 creatures vanquished.

Vanquished Creatures (others)
  A wizard (D:3)
  A killer bee (D:10)
2 creatures vanquished.

Grand Total: 266 creatures vanquished

Notes
Turn   | Place    | Note
-------+----------+-------------------------------------------
     0 | D:1      | Plasmo the High Elf Wizard began the quest for the Orb.
     0 | D:1      | Reached XP level 1. HP: 11/11 MP: 6/6
   721 | D:1      | Reached XP level 2. HP: 17/17 MP: 4/7
   725 | D:1      | Learned a level 2 spell: Call Imp
  1765 | D:2      | Reached XP level 3. HP: 22/22 MP: 3/9
  1874 | D:2      | Learned a level 3 spell: Conjure Flame
  1878 | D:2      | Learned a level 3 spell: Mephitic Cloud
  2072 | D:2      | Reached skill level 1 in Throwing
  2368 | D:3      | Reached skill level 1 in Fighting
  2453 | D:3      | Found an ancient bone altar of Kikubaaqudgha.
  2454 | D:3      | Found a blossoming altar of Fedhas.
  2542 | D:3      | Reached XP level 4. HP: 28/28 MP: 8/10
  2690 | D:3      | Found a bloodstained altar of Trog.
  2692 | D:3      | Noticed a wizard
  2698 | D:3      | Killed a wizard
  2774 | D:4      | Reached skill level 1 in Unarmed Combat
  2833 | D:4      | Reached skill level 1 in Air Magic
  2855 | D:4      | Found a hazy altar of Hepliaklqana.
  2861 | D:4      | Noticed Kwzr's ghost (weakling FoSk)
  2896 | D:4      | Reached skill level 1 in Armour
  2896 | D:4      | Reached skill level 1 in Shields
  2896 | D:4      | Reached XP level 5. HP: 20/33 MP: 6/12
  2940 | D:4      | Killed Kwzr's ghost
  3103 | D:4      | Noticed a phantom
  3126 | D:4      | Killed a phantom
  3126 | D:4      | Reached skill level 1 in Fire Magic
  3126 | D:4      | Reached XP level 6. HP: 26/39 MP: 4/13
  3508 | D:4      | Learned a level 2 spell: Blink
  3510 | D:4      | Learned a level 1 spell: Apportation
  3929 | D:5      | Entered Level 5 of the Dungeon
  4028 | D:5      | Noticed a sky beast
  4043 | D:5      | Killed a sky beast
  4043 | D:5      | Reached XP level 7. HP: 17/45 MP: 12/14
  4161 | D:5      | Found a sand-covered staircase.
  4162 | D:5      | Noticed Grinder
  4222 | D:5      | Killed Grinder
  4266 | Ossuary  | Entered an ossuary
  4624 | Ossuary  | Reached skill level 5 in Spellcasting
  4865 | Ossuary  | Reached XP level 8. HP: 46/51 MP: 14/16
  5567 | D:6      | Noticed a two-headed ogre
  5590 | D:6      | Killed a two-headed ogre
  5613 | D:6      | Reached skill level 1 in Evocations
  5800 | D:6      | Found a burning altar of Makhleb.
  5859 | D:6      | Reached XP level 9. HP: 57/57 MP: 18/18
  5873 | D:6      | Found a white marble altar of Elyvilon.
  6147 | D:6      | Noticed loom's ghost (novice DECj)
  6155 | D:6      | Found Qamuhowk's Antique Armour Shoppe.
  6175 | D:6      | Killed loom's ghost
  6521 | D:7      | Reached skill level 5 in Conjurations
  6574 | D:7      | Reached skill level 1 in Long Blades
  6919 | D:7      | Found Vofu's Book Shop.
  6991 | D:7      | Found a staircase to the Ecumenical Temple.
  7001 | Temple   | Entered the Ecumenical Temple
  7240 | D:7      | Reached skill level 5 in Air Magic
  7400 | D:8      | Found a hide-covered altar of Uskayaw.
  7593 | D:8      | Reached skill level 5 in Dodging
  7753 | D:8      | Noticed Joseph
  7808 | D:8      | Killed Joseph
  7808 | D:8      | Reached XP level 10. HP: 21/65 MP: 11/20
  8147 | D:8      | Noticed Pikel
  8174 | D:8      | Killed Pikel
  8334 | D:8      | Found an iron altar of Okawaru.
  8494 | D:8      | Found a radiant altar of Vehumet.
  8498 | D:8      | Found an iron altar of Okawaru.
  8503 | D:8      | Became a worshipper of Vehumet
  8506 | D:8      | Found an opulent altar of Gozag.
  8506 | D:8      | Found a basalt altar of Yredelemnul.
  8511 | D:8      | Found a deep blue altar of Sif Muna.
  9264 | D:9      | Learned a level 3 spell: Regeneration
  9594 | D:9      | Reached skill level 5 in Fighting
  9701 | D:9      | Identified a scroll of acquirement
  9710 | D:9      | Learned a level 4 spell: Iskenderun's Mystic Blast
  9790 | D:9      | Reached * piety under Vehumet
  9790 | D:9      | Offered knowledge of Flame Tongue by Vehumet.
  9957 | D:10     | Entered Level 10 of the Dungeon
  9958 | D:10     | Found Opoytel's Jewellery Shoppe.
  9958 | D:10     | Found Uwiwn's General Store.
  9959 | D:10     | Found Qiejikh's Food Shoppe.
  9959 | D:10     | Found Nuttouha's Jewellery Shoppe.
 10034 | D:10     | Found a staircase to the Orcish Mines.
 10041 | D:10     | Found a roughly hewn altar of Beogh.
 10056 | D:10     | Reached skill level 1 in Charms
 10164 | D:10     | Noticed an ice statue
 10478 | D:10     | Found a shimmering altar of Xom.
 10727 | D:10     | Offered knowledge of Shock by Vehumet.
 10727 | D:10     | Reached XP level 11. HP: 27/71 MP: 22/22
 10873 | D:10     | Reached ** piety under Vehumet
 10956 | D:10     | Reached skill level 1 in Necromancy
 10957 | D:10     | Reached skill level 5 in Fire Magic
 11207 | D:10     | Found a staircase to the Lair.
 11459 | D:10     | Hit by a large rock thrown by a cyclops

Skill      XL: |  1  2  3  4  5  6  7  8  9 10 11 |
---------------+----------------------------------+-----
Conjurations   | 2 3 4 5 6 7 |  7.1
Throwing       | 1 2 3 4 |  4.5
Fighting       | 1 2 3 4 5 |  5.3
Unarmed Combat | 1 2 |  2.0
Spellcasting   | 4 5 6 7 |  7.4
Air Magic      | 1 2 4 5 6 |  6.4
Armour         | 1 2 3 4 |  4.6
Shields        | 1 2 3 4 |  4.6
Dodging        | 3 4 5 6 |  6.2
Fire Magic     | 1 2 3 4 5 |  5.1
Evocations     | 1 2 |  2.7
Long Blades    | 2 3 4 |  4.3
Charms         | 1 |  1.4
Necromancy     | 1 |  1.1
Stealth        | |  2.2
Summonings     | |  0.8
Translocations | |  1.1

Action                   |  1- 3 |  4- 6 |  7- 9 | 10-12 || total
-------------------------+-------+-------+-------+-------++-------
Melee: Short sword       |    19 |    66 |   177 |       ||   262
       Punch             |       |       |     3 |     2 ||     5
       Long sword        |       |       |    64 |   240 ||   304
 Fire: Blowgun           |       |    36 |    60 |    26 ||   122
Throw: Javelin           |     9 |     6 |    52 |    15 ||    82
       Throwing net      |       |       |     2 |       ||     2
 Cast: Magic Dart        |    92 |    42 |   101 |    56 ||   291
       Conjure Flame     |     1 |     1 |    34 |    16 ||    52
       Blink             |       |       |     3 |     4 ||     7
       Mephitic Cloud    |       |       |     8 |    20 ||    28
       Apportation       |       |       |       |     2 ||     2
       Iskenderun's Myst |       |       |       |     1 ||     1
Evoke: Wand              |       |       |       |     3 ||     3
  Use: Scroll            |    11 |     4 |     6 |     6 ||    27
       Potion            |       |       |     3 |     4 ||     7
 Stab: Sleeping          |     1 |       |     1 |     2 ||     4
       Distracted        |     1 |       |     1 |       ||     2
       Confused          |       |       |     6 |     8 ||    14
  Eat: Chunk             |     5 |     1 |     6 |     5 ||    17
       Royal jelly       |       |     1 |       |     1 ||     2
       Pizza             |       |     1 |       |     1 ||     2
       Meat ration       |       |       |     1 |       ||     1
       Fruit             |       |       |     3 |     2 ||     5
       Beef jerky        |       |       |       |     1 ||     1
Armor: Leather armour    |     9 |    25 |    55 |    77 ||   166
Dodge: Dodged            |    15 |    45 |   155 |   188 ||   403
Block: Buckler           |       |       |       |    33 ||    33
       Rpst.: Long sword |       |       |    25 |    55 ||    80
